 Dungeon Crawl Stone Soup version 0.28.0-53-g5a82cb258f (webtiles) character file.

Game seed: 729398055251623375

56 Gabide the Skirmisher (level 4, -2/37 HPs)
             Began as a Human Monk on May 29, 2022.
             Slain by Crazy Yiuf
             ... wielding a +3 quarterstaff of chaos
              (23 damage)
             ... on level 2 of the Dungeon.
             The game lasted 00:01:44 (2351 turns).

Gabide the Skirmisher (Human Monk)                  Turns: 2351, Time: 00:01:45

Health: -2/37      AC:  2    Str: 11    XL:     4   Next: 17%
Magic:  4/4        EV: 13    Int: 11    God:
Gold:   83         SH:  0    Dex: 17    Spells: 3/3 levels left

rFire   . . .      SeeInvis .   d - +3 hand axe
rCold   . . .      Faith    .   (no shield)
rNeg    . . .      Spirit   .   b - +0 robe
rPois   .          Reflect  .   (no helmet)
rElec   .          Harm     .   (no cloak)
rCorr   .          Rampage  .   (no gloves)
Will    .....                   (no boots)
Stlth   ++........              (no amulet)
HPRegen 0.12/turn               (no ring)
MPRegen 0.09/turn               (no ring)

@: no status effects
A: no striking features
a: no special abilities


You were on level 2 of the Dungeon.
You visited 1 branch of the dungeon, and saw 2 of its levels.

You collected 83 gold pieces.

Inventory:

Hand Weapons
 a - a +0 spear
 d - a +3 hand axe (weapon)
Armour
 b - a +0 robe (worn)
Jewellery
 f - a ring of protection from fire
Scrolls
 g - a scroll of magic mapping {unknown}
 h - a scroll of teleportation {unknown}
 i - a scroll of enchant armour {unknown}
 k - a scroll of identify {unknown}
 l - a scroll of fog {unknown}
 m - a scroll of noise {unknown}
Potions
 c - a potion of cancellation {unknown}
 e - a potion of invisibility {unknown}
 j - a potion of flight {unknown}


   Skills:
 + Level 3.6 Fighting
 + Level 3.6 Polearms
 + Level 3.6 Dodging
 - Level 2.0 Stealth


You had 3 spell levels left.
You didn't know any spells.
Your spell library was empty.

Dungeon Overview and Level Annotations

Branches:
Dungeon (2/15)

Altars:
Okawaru

Shops:
D:1 [*

Annotations:
D:2 Crazy Yiuf


Message History

You hit the hobgoblin.
The hobgoblin is moderately wounded.
The hobgoblin hits you. The hobgoblin closely misses you.
You barely miss the hobgoblin.
The hobgoblin is moderately wounded.
The hobgoblin barely misses you.
You slash the hobgoblin!
You kill the hobgoblin!
No target in view!
You see here a hobgoblin corpse.
Found a stone staircase leading up.
There is a stone staircase leading up here.
You open the door.
There is an open door here.
You open the door.
There is an open door here.
There is an open door here.
There is an open door here.
You open the door.
There is an open door here.
You see here a +0 ring mail.
Key pressed, stopping explore.
Things that are here:
a +0 whip; 5 stones No target in view!
There is an open door here.
Could not explore, unopened runed door.
Okay, then.
Okay, then.
You open the door.
There is an open translucent door here.
Crazy Yiuf shouts!
Crazy Yiuf drinks a potion.
Crazy Yiuf goes berserk!
You barely miss Crazy Yiuf. Crazy Yiuf misses you.
You closely miss Crazy Yiuf.
Crazy Yiuf hits you with a +3 quarterstaff of chaos!
You resist with significant effort.
Crazy Yiuf hits you with a +3 quarterstaff of chaos!!
Ouch! That really hurt!
You die...

......#
......#
......#
......###
........#
........#
#####
(...._..#
#)..#
........#
#g..#
........#
#.@.#
......###
##'##
......# ♣.♣♣
####### ♣♣.♣
# #########
♣.♣♣
####.......#
♣♣.♣
...#.......#
♣♣.♣♣
...#<......#
♣♣...♣
...#.......#
♣....♣


You could see Crazy Yiuf (berserk).

Vanquished Creatures
  A howler monkey skeleton (D:2)
  7 ball pythons
  2 endoplasms (D:1)
  2 giant cockroaches (D:1)
  4 goblins (D:1)
  3 hobgoblins (D:2)
  4 quokkas
  5 bats
  A frilled lizard (D:1)
  9 kobolds
  5 rats
43 creatures vanquished.

Notes
Turn   | Place    | Note
-------+----------+-------------------------------------------
     0 | D:1      | Gabide the Human Monk began the quest for the Orb.
     0 | D:1      | Reached XP level 1. HP: 18/18 MP: 1/1
   148 | D:1      | Reached XP level 2. HP: 24/24 MP: 2/2
   151 | D:1      | Found Qoenuwk's Antique Armour Shoppe.
   494 | D:1      | Found Vefit's General Store.
   744 | D:1      | Reached XP level 3. HP: 29/29 MP: 3/3
  1618 | D:2      | Reached XP level 4. HP: 36/36 MP: 4/4
  1718 | D:2      | Found an iron altar of Okawaru.
  1805 | D:2      | Found a runed translucent door.
  1806 | D:2      | Noticed Crazy Yiuf
  2351 | D:2      | Slain by Crazy Yiuf

Illustrated notes

Levels and vault maps discovered:
D:1:      elethiomel_arrival_shortcut, layout_loops_corners, serial_shops,
          nicolae_shop_waterfront, nicolae_shop_stone, chequers_arboretum
D:2:      layout_basic, basic_altar, uniq_crazy_yiuf_cottage

Action                   |  1- 3 |  4- 6 || total
-------------------------+-------+-------++-------
Melee: Spear             |    45 |       ||    45
       Punch             |     2 |       ||     2
       Hand axe          |    32 |    22 ||    54
 Stab: Sleeping          |    10 |     3 ||    13
Armor: Robe              |    14 |     2 ||    16
Dodge: Dodged            |    41 |    11 ||    52
